 Dungeon Crawl Stone Soup version 0.27.1-33-g824d729ab1 (webtiles) character file.

Game seed: 17266088747567948276

131 pkoi the Ruffian (level 4, -7/36 HPs)
             Began as a Draconian Warper on Dec 22, 2021.
             Mangled by an ogre (20 damage)
             ... on level 4 of the Dungeon.
             The game lasted 00:04:02 (3623 turns).

pkoi the Ruffian (Draconian Warper)                 Turns: 3623, Time: 00:04:03

Health: -7/36      AC:  5    Str: 11 (14) XL:     4   Next: 91%
Magic:  0/7        EV: 12    Int: 11 (14) God:
Gold:   148        SH:  0    Dex:  9 (10) Spells: 2/7 levels left

rFire    . . .     SeeInvis .     - Unarmed
rCold    . . .     Faith    .   (no shield)
rNeg     . . .     Spirit   +   (armour unavailable)
rPois    .         Reflect  .   (helmet restricted)
rElec    .         Harm     .   (no cloak)
rCorr    .         Rampage  .   (no gloves)
Will     .....                  (no boots)
Stlth    +.........             f - amulet of guardian spirit
HPRegen  0.12/turn              (no ring)
MPRegen  0.10/turn              (no ring)

@: no status effects
A: AC +5, unfitting armour, cold-blooded
a: no special abilities


You were on level 4 of the Dungeon.
You visited 1 branch of the dungeon, and saw 4 of its levels.

You collected 148 gold pieces.

Inventory:

Hand Weapons
 e - a +0 spear
Missiles
 b - 5 boomerangs of dispersal (quivered)
Jewellery
 f - an amulet of guardian spirit (around neck)
Scrolls
 a - a scroll of blinking
 d - 3 scrolls of identify {unknown}
 h - 2 scrolls of amnesia {unknown}
 i - 2 scrolls of magic mapping {unknown}
 k - a scroll of enchant armour {unknown}
 l - 2 scrolls of summoning {unknown}
 m - a scroll of torment {unknown}
 n - a scroll of teleportation {unknown}
Potions
 j - a potion of might {unknown}
 o - 2 potions of curing {unknown}
 p - a potion of invisibility {unknown}


   Skills:
 - Level 2.1 Fighting
 - Level 0.8 Throwing
 - Level 2.1 Dodging
 * Level 4.5 Unarmed Combat
 + Level 2.3 Spellcasting
 + Level 3.4 Translocations


You had 2 spell levels left.
You knew the following spells:

 Your Spells              Type           Power      Damage    Failure   Level
a - Blink                 Tloc           N/A        N/A       10%         2
b - Gell's Gravitas       Tloc           4%         N/A       21%         3

Your spell library contained the following spells:

 Spells                   Type           Power      Damage    Failure   Level
 Corona                   Hex            1%         N/A       28%         1
 Ensorcelled Hibernation  Hex/Ice        2%         N/A       38%         2
 Lesser Beckoning         Tloc           4%         N/A       21%         3
 Teleport Other           Tloc           8%         N/A       21%         3
 Tukima's Dance           Hex            1%         N/A       63%         3
 Manifold Assault         Tloc           8%         N/A       88%         5


Dungeon Overview and Level Annotations

Branches:
Dungeon (4/15)
 Temple: D:4-7

Altars:

Annotations:
D:3 Sigmund
D:4 Dowan, Duvessa


Innate Abilities, Weirdness & Mutations

Your plain brown scales are hard. (AC +5)
You cannot fit into any form of body armour.
You are cold-blooded and may be slowed by cold attacks.


Message History

You hit Duvessa.
Duvessa is lightly wounded.
Duvessa closely misses you.
You hit Duvessa.
Duvessa is lightly wounded.
Unknown command.
Duvessa hits you with a +2 short sword of venom!
You are poisoned.
You feel very sick.
You feel very sick.
You feel very sick.
You feel very sick.
Dowan casts a spell.
Dowan blinks!
You feel sick.
It was a potion of heal wounds.
You feel much better.
You feel sick.
The ogre hits you with a +0 giant spiked club.
You hit the ogre.
The ogre is lightly wounded.
You feel sick.
The ogre hits you with a +0 giant spiked club!
* * * LOW HITPOINT WARNING * * *
You completely miss the ogre.
The ogre is lightly wounded.
You feel sick.
You hit the ogre.
The ogre is moderately wounded.
You feel sick. The ogre barely misses you.
Dowan mumbles some strange words.
Dowan blinks!
You feel sick.
You feel sick.
It was a potion of degeneration.
There was something very wrong with that liquid.
You feel weakened.
You feel dopey.
You feel clumsy.
You feel sick.
You are no longer poisoned.
The ogre hits you with a +0 giant spiked club!!
Ouch! That really hurt!
You die...

### .... .....
################......
#.....@Oe....ยง.)......
#.############.#####..
######.####### #.#
#............. ..#
#.####.####### #.#
######.###.#.## #.#
.)<.......###.# #..
#####..#.#.#.## ### .##
#..#.##.#######


You could see Duvessa and an ogre.

Vanquished Creatures
  3 adders
  A dart slug (D:1)
  7 orcs
  13 ball pythons
  4 bats
  7 endoplasms
  3 giant cockroaches
  7 goblins
  3 hobgoblins
  9 jackals (D:1)
  8 kobolds
  2 quokkas (D:1)
  5 frilled lizards
  18 rats
90 creatures vanquished.

Notes
Turn   | Place    | Note
-------+----------+-------------------------------------------
     0 | D:1      | pkoi the Draconian Warper began the quest for the Orb.
     0 | D:1      | Reached XP level 1. HP: 17/17 MP: 3/3
   479 | D:1      | Reached XP level 2. HP: 12/24 MP: 5/5
   802 | D:1      | Reached skill level 3 in Unarmed Combat
  1089 | D:1      | Reached XP level 3. HP: 29/29 MP: 6/6
  1288 | D:1      | Learned a level 2 spell: Blink
  1292 | D:1      | Learned a level 3 spell: Gell's Gravitas
  1683 | D:1      | Reached skill level 4 in Unarmed Combat
  2403 | D:2      | Found a faded altar of an unknown god.
  2422 | D:2      | Reached XP level 4. HP: 28/36 MP: 4/7
  2846 | D:3      | Noticed Sigmund
  3601 | D:4      | Noticed Duvessa
  3602 | D:4      | Noticed Dowan
  3603 | D:4      | Noticed an ogre
  3623 | D:4      | Mangled by an ogre

Illustrated notes

Levels and vault maps discovered:
D:1:      dpeg_arrival_ratfight, layout_loops_corners, st_stairs_1
D:2:      layout_loops_ring, dilly_ecumenical_altar_fadedgnrine,
          minmay_misc_feat_columns
D:3:      layout_rooms, old_standard_altar, serial_shops, shop, minmay_guardbox,
          uniq_grinder, uniq_sigmund, uniq_jessica
D:4:      layout_loops_ring, uniq_duvessa, uniq_edmund

Skill      XL: |  1  2  3 |
---------------+----------+-----
Unarmed Combat | 3 4 |  4.5
Fighting       | |  2.1
Throwing       | |  0.8
Dodging        | |  2.1
Spellcasting   | |  2.3
Translocations | |  3.4

Action                   |  1- 3 |  4- 6 || total
-------------------------+-------+-------++-------
Melee: Unarmed           |   222 |   127 ||   349
       Tailslap          |    19 |    10 ||    29
       Punch             |     2 |       ||     2
 Cast: Gell's Gravitas   |       |     1 ||     1
  Use: Potion            |       |     2 ||     2
 Stab: Sleeping          |     3 |       ||     3
Armor: Skin              |    92 |    36 ||   128
Dodge: Dodged            |   149 |    97 ||   246
